AAA EAST
MEMPHIS REDBIRDS @ DURHAM BULLS
09/07/2041
 
TOP OF THE 1ST
Memphis Redbirds batting - Pitching for Durham Bulls : RHP Chris Humphrey
Pitching: RHP Chris Humphrey
Batting: LHB Cisco Chávez 0-0: Called Strike
0-1: Ball
1-1: DOUBLE (Line Drive, 7LS, EV 99.4 MPH)
Batting: RHB António Valentín 0-0: Called Strike
Cisco Chávez steals 3rd base
0-1: Ball
1-1: Ground out 5-3 (Groundball, 56, EV 89.4 MPH)
Cisco Chávez scores
Batting: LHB Mike O'Halloran 0-0: Ball
1-0: Foul Ball, location: 7LSF
1-1: Ball
2-1: Swinging Strike
2-2: Ball
3-2: Foul Ball, location: 2F
3-2: Base on Balls
Batting: LHB Ben King 0-0: Grounds into double play, 6-4-3 (Groundball, 6, EV 110.0 MPH)
Top of the 1st over - 1 run, 1 hit, 0 errors, 0 left on base; Memphis 1 - Durham 0
BOTTOM OF THE 1ST
Durham Bulls batting - Pitching for Memphis Redbirds : RHP Daniel Bulseco
Pitching: RHP Daniel Bulseco
Batting: RHB Cristián Baudillo 0-0: Called Strike
0-1: Ground out 5-3 (Groundball, 56S, EV 85.6 MPH)
Batting: LHB Dave Cole 0-0: Ball
1-0: Foul Ball, location: 2F
1-1: Swinging Strike
1-2: Ball
2-2: Strikes out swinging
Batting: LHB Juan Salas 0-0: Swinging Strike
0-1: Swinging Strike
0-2: Ball
1-2: Ball
2-2: Ball
3-2: Fly out, F9 (Flyball, 9LMF, EV 105.6 MPH)
Bottom of the 1st over - 0 runs, 0 hits, 0 errors, 0 left on base; Memphis 1 - Durham 0
TOP OF THE 2ND
Memphis Redbirds batting - Pitching for Durham Bulls : RHP Chris Humphrey
Batting: SHB Tim Wilson 0-0: Called Strike
0-1: Swinging Strike
0-2: Strikes out looking
Batting: LHB Juan García 0-0: Ball
1-0: Ball
2-0: Ball
3-0: Called Strike
3-1: Fly out, F8 (Flyball, 8LM, EV 99.4 MPH)
Batting: RHB Edwin Jackson 0-0: Ball
1-0: Ball
2-0: Ball
3-0: Base on Balls
Batting: LHB Gervasio Fulda 0-0: Called Strike
0-1: DOUBLE (Groundball, 5L, EV 98.1 MPH)
Edwin Jackson to third
Batting: RHB Juan González 0-0: Ball
1-0: DOUBLE (Line Drive, 78D, EV 105.6 MPH)
Edwin Jackson scores
Gervasio Fulda scores
Batting: LHB Cisco Chávez 0-0: Ball
1-0: Called Strike
1-1: Foul Ball, location: 2F
1-2: Fly out, F8 (Flyball, 8LD, EV 78.1 MPH)
Top of the 2nd over - 2 runs, 2 hits, 0 errors, 1 left on base; Memphis 3 - Durham 0
BOTTOM OF THE 2ND
Durham Bulls batting - Pitching for Memphis Redbirds : RHP Daniel Bulseco
Batting: LHB Don Bailey 0-0: SINGLE (Line Drive, 56D, EV 96.3 MPH)
Batting: RHB Lou González 0-0: Called Strike
0-1: Foul Ball, location: 2F
0-2: Fly out, F9 (Line Drive, 89M, EV 90.6 MPH)
Batting: LHB Jon Moore 0-0: Ball
1-0: SINGLE (Groundball, 3D, EV 93.8 MPH)
Don Bailey to second
Runner from 2nd tries for 3rd, SAFE, throw by RF made to third
Batting: RHB Chris Adams 0-0: Called Strike
0-1: Foul Ball, location: 3FF
0-2: Ball
1-2: Fielders Choice at 2nd, 6-4 (Groundball, 6S, EV 91.9 MPH)
Don Bailey scores
Batting: RHB Rob Cooper 0-0: Ball
1-0: Called Strike
1-1: Foul Ball, location: 5SF
1-2: Ball
2-2: Strikes out swinging
Bottom of the 2nd over - 1 run, 2 hits, 0 errors, 1 left on base; Memphis 3 - Durham 1
TOP OF THE 3RD
Memphis Redbirds batting - Pitching for Durham Bulls : RHP Chris Humphrey
Batting: RHB António Valentín 0-0: Ball
1-0: Called Strike
1-1: Ball
2-1: Fly out, F7 (Line Drive, 78D, EV 105.6 MPH)
Batting: LHB Mike O'Halloran 0-0: Called Strike
0-1: Ball
1-1: Swinging Strike
1-2: Strikes out looking
Batting: LHB Ben King 0-0: Ball
1-0: Foul Ball, location: 25F
1-1: Called Strike
1-2: Foul Ball, location: 2F
1-2: Ball
2-2: Ball
3-2: Foul Ball, location: 2F
3-2: Base on Balls
Batting: SHB Tim Wilson 0-0: Called Strike
0-1: Fly out, F4 (Flyball, 34D, EV 86.3 MPH)
Top of the 3rd over - 0 runs, 0 hits, 0 errors, 1 left on base; Memphis 3 - Durham 1
BOTTOM OF THE 3RD
Durham Bulls batting - Pitching for Memphis Redbirds : RHP Daniel Bulseco
Batting: RHB José Romero 0-0: Called Strike
0-1: Fly out, F7 (Flyball, 7, EV 91.9 MPH)
Batting: RHB Cristián Baudillo 0-0: Swinging Strike
0-1: Called Strike
0-2: Ball
1-2: Foul Ball, location: 9LDF
1-2: Ball
2-2: Ground out 5-3 (Groundball, 5, EV 81.3 MPH)
Batting: LHB Dave Cole 0-0: Foul Ball, location: 7LSF
0-1: Ball
1-1: Fly out, F9 (Flyball, 9LM, EV 88.8 MPH)
Bottom of the 3rd over - 0 runs, 0 hits, 0 errors, 0 left on base; Memphis 3 - Durham 1
TOP OF THE 4TH
Memphis Redbirds batting - Pitching for Durham Bulls : RHP Chris Humphrey
Batting: LHB Juan García 0-0: Ball
1-0: Swinging Strike
1-1: Foul Ball, location: 25F
1-2: Ball
2-2: Foul Ball, location: 5SF
2-2: Strikes out swinging
Batting: RHB Edwin Jackson 0-0: Foul Ball, location: 5DF
0-1: Foul Ball, location: 2F
0-2: Foul Ball, location: 2F
0-2: Foul Ball, location: 2F
0-2: Strikes out looking
Batting: LHB Gervasio Fulda 0-0: Ball
1-0: Called Strike
1-1: DOUBLE (Line Drive, 3D, EV 98.8 MPH)
Batting: RHB Juan González 0-0: Swinging Strike
0-1: Foul Ball, location: 9LDF
0-2: Ground out 5-3 (Groundball, 56, EV 103.8 MPH)
Top of the 4th over - 0 runs, 1 hit, 0 errors, 1 left on base; Memphis 3 - Durham 1
BOTTOM OF THE 4TH
Durham Bulls batting - Pitching for Memphis Redbirds : RHP Daniel Bulseco
Batting: LHB Juan Salas 0-0: Called Strike
0-1: Fly out, F8 (Flyball, 8RD, EV 95.6 MPH)
Pitching: RHP Terrence Burns
Batting: LHB Don Bailey 0-0: Called Strike
0-1: Called Strike
0-2: Ball
1-2: Ball
2-2: Ball
3-2: Base on Balls
Batting: RHB Lou González 0-0: Swinging Strike
0-1: Foul Ball, location: 9LMF
0-2: Ball
1-2: Strikes out swinging
Batting: LHB Jon Moore 0-0: Ball
1-0: Swinging Strike
1-1: Ball
2-1: Foul Ball, location: 5DF
2-2: Foul Ball, location: 7LSF
2-2: Strikes out swinging
Bottom of the 4th over - 0 runs, 0 hits, 0 errors, 1 left on base; Memphis 3 - Durham 1
TOP OF THE 5TH
Memphis Redbirds batting - Pitching for Durham Bulls : RHP Chris Humphrey
Batting: LHB Cisco Chávez 0-0: Ball
1-0: Ground out 4-3 (Groundball, 4, EV 87.5 MPH)
Batting: RHB António Valentín 0-0: Ball
1-0: Swinging Strike
1-1: Called Strike
1-2: Fly out, F7 (Flyball, 78D, EV 111.9 MPH)
Batting: LHB Mike O'Halloran 0-0: Called Strike
0-1: Ball
1-1: Ball
2-1: Foul Ball, location: 7LDF
2-2: Ball
3-2: Strikes out swinging
Top of the 5th over - 0 runs, 0 hits, 0 errors, 0 left on base; Memphis 3 - Durham 1
BOTTOM OF THE 5TH
Durham Bulls batting - Pitching for Memphis Redbirds : RHP Terrence Burns
Batting: RHB Chris Adams 0-0: Ball
1-0: SOLO HOME RUN (Flyball, 7LD, EV 92.5 MPH), Distance : 333 ft
Batting: RHB Rob Cooper 0-0: Called Strike
0-1: Ball
1-1: Foul Ball, location: 2F
1-2: Foul Ball, location: 5DF
1-2: DOUBLE (Flyball, 89D, EV 99.4 MPH)
Batting: RHB José Romero 0-0: Ball
1-0: Called Strike
1-1: Ball
2-1: Swinging Strike
2-2: Strikes out swinging, 2-3 out at first.
Pitching: RHP Mike Brooks
Batting: RHB Cristián Baudillo 0-0: Ground out 3-1 (Groundball, 34, EV 98.8 MPH)
Rob Cooper to third
Batting: LHB Dave Cole 0-0: Ball
1-0: Foul Ball, location: 25FF
1-1: Foul Ball, location: 2F
1-2: Ball
2-2: Ground out 3-1 (Groundball, 34, EV 91.3 MPH)
Bottom of the 5th over - 1 run, 2 hits, 0 errors, 1 left on base; Memphis 3 - Durham 2
TOP OF THE 6TH
Memphis Redbirds batting - Pitching for Durham Bulls : RHP Chris Humphrey
Batting: LHB Ben King 0-0: Called Strike
0-1: Ball
1-1: Ball
2-1: Foul Ball, location: 2F
2-2: Strikes out swinging
Batting: SHB Tim Wilson 0-0: Foul Ball, location: 2F
0-1: Fly out, F8 (Flyball, 8RM, EV 75.6 MPH)
Batting: LHB Juan García 0-0: Called Strike
0-1: Ball
1-1: Called Strike
1-2: Ball
2-2: Foul Ball, location: 2F
2-2: Foul Ball, location: 3FF
2-2: Ball
3-2: Foul Ball, location: 7LMF
3-2: Foul Ball, location: 7LMF
3-2: Base on Balls
Batting: RHB Edwin Jackson 0-0: Ball
1-0: Ball
2-0: Called Strike
2-1: Called Strike
2-2: Foul Ball, location: 2F
2-2: Ball
3-2: Base on Balls
Juan García to second
Pitching: RHP Donnie Edwards
Batting: LHB Gervasio Fulda 0-0: Ball
1-0: SINGLE (Groundball, 6MD, EV 95.0 MPH)
Juan García to third
Edwin Jackson to second
Runner from 3rd tries for Home, SAFE, throw by CF to home
Batting: RHB Juan González 0-0: Ball
1-0: Called Strike
1-1: Ball
2-1: Fly out, F8 (Flyball, 8LM, EV 89.4 MPH)
Top of the 6th over - 1 run, 1 hit, 0 errors, 2 left on base; Memphis 4 - Durham 2
BOTTOM OF THE 6TH
Durham Bulls batting - Pitching for Memphis Redbirds : RHP Mike Brooks
Batting: LHB Juan Salas 0-0: Swinging Strike
0-1: Ball
1-1: Ball
2-1: Ball
3-1: SINGLE (Line Drive, 8RS, EV 86.3 MPH)
Batting: LHB Don Bailey 0-0: SINGLE (Line Drive, 8LS, EV 95.6 MPH)
Juan Salas to second
Runner from 2nd tries for 3rd, SAFE, throw by CF made to third
Batting: RHB Lou González 0-0: Grounds into double play, 6-4-3 (Groundball, 6, EV 90.0 MPH)
Juan Salas scores
Batting: LHB Jon Moore 0-0: Swinging Strike
0-1: Ground out U3 (Groundball, 34, EV 68.1 MPH)
Bottom of the 6th over - 1 run, 2 hits, 0 errors, 0 left on base; Memphis 4 - Durham 3
TOP OF THE 7TH
Memphis Redbirds batting - Pitching for Durham Bulls : RHP Donnie Edwards
Batting: LHB Cisco Chávez 0-0: Called Strike
0-1: Ball
1-1: Swinging Strike
1-2: Fly out, F7 (Flyball, 7S, EV 83.1 MPH)
Batting: RHB António Valentín 0-0: SINGLE (Groundball, 56D, EV 97.5 MPH)
Batting: LHB Mike O'Halloran 0-0: Ball
António Valentín is caught stealing 2nd base 2-6
1-0: Swinging Strike
1-1: Ground out 4-3 (Groundball, 4M, EV 78.8 MPH)
Top of the 7th over - 0 runs, 1 hit, 0 errors, 0 left on base; Memphis 4 - Durham 3
BOTTOM OF THE 7TH
Durham Bulls batting - Pitching for Memphis Redbirds : RHP Mike Brooks
Batting: RHB Chris Adams 0-0: Ball
1-0: SINGLE (Line Drive, 89S, EV 93.1 MPH)
Batting: RHB Rob Cooper 0-0: Ball
1-0: Ball
2-0: Called Strike
2-1: Ball
3-1: Foul Ball, location: 2F
3-2: Grounds into double play, 6-4-3 (Groundball, 6, EV 98.8 MPH)
Batting: RHB José Romero 0-0: Foul Ball, location: 2F
0-1: Ball
1-1: Foul Ball, location: 9LDF
1-2: Foul Ball, location: 2F
1-2: Ball
2-2: Ball
3-2: Base on Balls
Pitching: RHP Steve MacKinney
Batting: RHB Cristián Baudillo 0-0: Called Strike
0-1: Foul Ball, location: 3SF
0-2: Strikes out swinging
Bottom of the 7th over - 0 runs, 1 hit, 0 errors, 1 left on base; Memphis 4 - Durham 3
TOP OF THE 8TH
Memphis Redbirds batting - Pitching for Durham Bulls : RHP Donnie Edwards
Batting: LHB Ben King 0-0: Called Strike
0-1: Foul Ball, location: 5DF
0-2: Ball
1-2: Ball
2-2: SINGLE (Groundball, 3S, EV 69.4 MPH) (infield hit)
Batting: SHB Tim Wilson 0-0: Foul Ball, location: 25F
0-1: Ball
Ben King steals 2nd base
1-1: Ball
2-1: Fly out, F8 (Flyball, 8LXD, EV 77.5 MPH)
Runner from 2nd tags up, SAFE at 3rd, no throw by CF
Batting: LHB Juan García 0-0: Intentional Walk
Batting: RHB Edwin Jackson 0-0: Called Strike
0-1: Ball
1-1: Ball
2-1: Ball
3-1: SINGLE (Flyball, 5D, EV 88.1 MPH)
Ben King scores
Juan García to second
Batting: LHB Gervasio Fulda 0-0: Ground out 4-3 (Groundball, 4S, EV 65.0 MPH)
Juan García to third
Edwin Jackson to second
Batting: RHB Juan González 0-0: Called Strike
0-1: Ball
1-1: Ball
2-1: Foul Ball, location: 5FF
2-2: SINGLE (Line Drive, 5D, EV 105.0 MPH)
Juan García scores
Edwin Jackson to third
Runner from 3rd tries for Home, throw by LF and OUT! 7-2
Top of the 8th over - 2 runs, 3 hits, 0 errors, 1 left on base; Memphis 6 - Durham 3
BOTTOM OF THE 8TH
Durham Bulls batting - Pitching for Memphis Redbirds : RHP Steve MacKinney
Batting: LHB Dave Cole 0-0: Called Strike
0-1: Ball
1-1: Ball
2-1: Foul Ball, location: 2F
2-2: Strikes out swinging
Batting: LHB Juan Salas 0-0: Ball
1-0: Ball
2-0: Ground out U3 (Groundball, 3, EV 82.5 MPH)
Batting: LHB Don Bailey 0-0: Called Strike
0-1: Ground out 4-3 (Groundball, 4, EV 81.9 MPH)
Bottom of the 8th over - 0 runs, 0 hits, 0 errors, 0 left on base; Memphis 6 - Durham 3
TOP OF THE 9TH
Memphis Redbirds batting - Pitching for Durham Bulls : RHP Donnie Edwards
Batting: LHB Cisco Chávez 0-0: Ball
1-0: Ball
2-0: Foul Ball, location: 2F
2-1: Ball
3-1: Ground out 6-3 (Groundball, 6, EV 86.3 MPH)
Batting: RHB António Valentín 0-0: Ball
1-0: SINGLE (Line Drive, 6M, EV 96.3 MPH)
Batting: LHB Mike O'Halloran 0-0: Ball
1-0: Called Strike
1-1: Ball
António Valentín is caught stealing 2nd base 2-6
2-1: DOUBLE (Line Drive, 3D, EV 101.3 MPH)
Batting: LHB Ben King 0-0: Swinging Strike
0-1: Ball
1-1: Ball
2-1: Foul Ball, location: 25F
2-2: Ball
3-2: Fly out, F9 (Flyball, 9LM, EV 92.5 MPH)
Top of the 9th over - 0 runs, 2 hits, 0 errors, 1 left on base; Memphis 6 - Durham 3
BOTTOM OF THE 9TH
Durham Bulls batting - Pitching for Memphis Redbirds : RHP Steve MacKinney
Pitching: RHP Héctor Martínez
Batting: RHB Lou González 0-0: Ball
1-0: Ball
2-0: Foul Ball, location: 9LSF
2-1: Foul Ball, location: 25FF
2-2: Ball
3-2: Fly out, F8 (Flyball, 8LD, EV 104.4 MPH)
Batting: LHB Jon Moore 0-0: Foul Ball, location: 25FF
0-1: Ball
1-1: Foul Ball, location: 23FF
1-2: Strikes out swinging
Batting: RHB Chris Adams 0-0: Ball
1-0: Fly out, F7 (Flyball, 7LSF, EV 85.0 MPH)
Bottom of the 9th over - 0 runs, 0 hits, 0 errors, 0 left on base; Memphis 6 - Durham 3
Monday, April 1st , 2024 - OOTP Baseball 24.10 Build 82